General information
			
			
        
        - name: BNet
 
        - type: Ladder team game (AT/RT)
 
        - host: Battle.net
 
        - saver: DASOCKBANDIT
 
        
map: Mur'gulOasis 
        - players: 8
 
        - length: 15:04
 
        - speed: Fast
 - version: 1.22 W3XP
 - replay type:  Public
 
» download(167 KB)
Players
        team 1 (loser) 
              
              
ATOUCHOFHERLIPS (
pink | 117 APM | 1754 actions | 15:02)
              
 3 Death Knight 
 2 Death Coil
 1 Unholy Aura
 2 Lich 
 1 Frost Nova
 1 Dark Ritual
 1 Crypt Lord 
 1 Impale
 
                » actions 
                
                | Assign group hotkey | 113 |  | 
| Basic commands | 9 |  | 
| Build / train | 37 |  | 
| ESC pressed | 1 |  | 
| Enter build submenu | 22 |  | 
| Enter hero's abilities submenu | 6 |  | 
| Give item / drop item | 2 |  | 
| Remove unit from queue | 2 |  | 
| Right click | 520 |  | 
| Select / deselect | 184 |  | 
| Select group hotkey | 810 |  | 
| Use ability | 48 |  | 
                1754 total
 » units 
                
                | Acolyte | 2 |  | 
| Ghoul | 2 |  | 
| Crypt Fiend | 6 |  | 
| Frost Wyrm | 3 |  | 
                13 total
 » upgrades
                
                | Creature Attack | 2 |  | 
| Web | 1 |  | 
| Creature Carapace | 1 |  | 
                4 total
 » buildings
                
                | Crypt | 1 |  | 
| Graveyard | 1 |  | 
| Altar of Darkness | 1 |  | 
| Ziggurat | 8 |  | 
| Tomb of Relics | 1 |  | 
| Halls of the Dead | 1 |  | 
| Black Citadel | 1 |  | 
| Sacrificial Pit | 1 |  | 
| Spirit Tower | 2 |  | 
| Necropolis | 1 |  | 
| Boneyard | 3 |  | 
                21 total
 » build order
                00:06 Crypt
00:19 Graveyard
00:37 Altar of Darkness
00:48 Ziggurat
01:15 Tomb of Relics
01:50 Ziggurat
03:54 Halls of the Dead
04:24 Ziggurat
06:47 Black Citadel
06:51 Sacrificial Pit
06:53 Ziggurat
07:21 Spirit Tower
07:23 Spirit Tower
07:42 Necropolis
08:09 Ziggurat
09:23 Boneyard
09:27 Boneyard
09:29 Boneyard
09:44 Ziggurat
12:21 Ziggurat
12:24 Ziggurat
» items
                
                | Rod of Necromancy | 1 |  | 
| Scroll of Town Portal | 1 |  | 
| Scroll of Healing | 1 |  | 
                3 total
  
               
              
              
Iceberg-Slim (
orange | 89 APM | 1339 actions | 14:59)
              
 2 Priestess of the Moon 
 1 Searing Arrows
 1 Trueshot Aura
 
                » actions 
                
                | Assign group hotkey | 15 |  | 
| Basic commands | 133 |  | 
| Build / train | 32 |  | 
| Enter build submenu | 18 |  | 
| Enter hero's abilities submenu | 2 |  | 
| Give item / drop item | 1 |  | 
| Right click | 713 |  | 
| Select / deselect | 205 |  | 
| Select group hotkey | 198 |  | 
| Use ability | 21 |  | 
                1339 total
 » units 
                » buildings
                
                | Altar of Elders | 1 |  | 
| Moon Well | 4 |  | 
| Hunter's Hall | 1 |  | 
| Ancient of War | 5 |  | 
| Ancient of Wonders | 1 |  | 
| Ancient Protector | 6 |  | 
                18 total
 » build order
                00:06 Altar of Elders
00:20 Moon Well
01:49 Hunter's Hall
02:12 Ancient of War
02:14 Ancient of War
02:34 Moon Well
02:44 Ancient of Wonders
03:34 Ancient Protector
03:41 Ancient Protector
04:52 Ancient Protector
04:59 Ancient Protector
06:10 Ancient of War
06:43 Moon Well
08:06 Ancient Protector
08:37 Ancient of War
08:39 Ancient of War
09:02 Moon Well
14:52 Ancient Protector
 
               
              
              
IPRACTICE2SUCK (
blue | 182 APM | 2717 actions | 14:56)
              
 2 Keeper of the Grove 
 1 Entangling Roots
 1 Thorns Aura
 
                » actions 
                
                | Assign group hotkey | 33 |  | 
| Basic commands | 36 |  | 
| Build / train | 54 |  | 
| Enter build submenu | 8 |  | 
| Enter hero's abilities submenu | 3 |  | 
| Remove unit from queue | 2 |  | 
| Right click | 813 |  | 
| Select / deselect | 170 |  | 
| Select group hotkey | 1565 |  | 
| Use ability | 33 |  | 
                2717 total
 » units 
                » upgrades
                
                | Moon Armor | 1 |  | 
| Strength of the Moon | 1 |  | 
                2 total
 » buildings
                
                | Altar of Elders | 1 |  | 
| Moon Well | 4 |  | 
| Hunter's Hall | 1 |  | 
| Ancient of War | 2 |  | 
| Tree of Ages | 3 |  | 
                11 total
 » build order
                00:06 Altar of Elders
00:18 Moon Well
01:38 Hunter's Hall
01:43 Ancient of War
02:05 Ancient of War
02:19 Moon Well
03:57 Moon Well
06:21 Moon Well
12:17 Tree of Ages
12:17 Tree of Ages
» items
                
                | Scroll of Town Portal | 1 |  | 
| Scroll of Protection | 1 |  | 
                2 total
  
               
              
              
Saigon (
purple | 101 APM | 1508 actions | 14:59)
              
 3 Death Knight 
 2 Death Coil
 1 Unholy Aura
 
                » actions 
                
                | Assign group hotkey | 10 |  | 
| Basic commands | 94 |  | 
| Build / train | 27 |  | 
| Enter build submenu | 8 |  | 
| Enter hero's abilities submenu | 3 |  | 
| Give item / drop item | 3 |  | 
| Right click | 712 |  | 
| Select / deselect | 347 |  | 
| Select group hotkey | 272 |  | 
| Use ability | 32 |  | 
                1508 total
 » units 
                
                | Acolyte | 2 |  | 
| Ghoul | 4 |  | 
| Crypt Fiend | 5 |  | 
                11 total
 » upgrades
                » buildings
                
                | Crypt | 1 |  | 
| Graveyard | 1 |  | 
| Altar of Darkness | 1 |  | 
| Ziggurat | 4 |  | 
| Tomb of Relics | 1 |  | 
| Halls of the Dead | 1 |  | 
| Spirit Tower | 3 |  | 
| Black Citadel | 1 |  | 
                13 total
 » build order
                00:07 Crypt
00:12 Graveyard
00:29 Altar of Darkness
00:46 Ziggurat
01:01 Tomb of Relics
01:45 Ziggurat
04:04 Halls of the Dead
04:16 Ziggurat
05:19 Spirit Tower
05:20 Spirit Tower
05:53 Ziggurat
06:02 Spirit Tower
06:34 Black Citadel
» items
                
                | Rod of Necromancy | 2 |  | 
| Lesser Clarity Potion | 1 |  | 
| Scroll of Town Portal | 2 |  | 
| Orb of Corruption | 1 |  | 
                6 total
  
               team 2 (winner) 
              
              
» 
BrokeAssNegro (
teal | 183 APM | 2750 actions | 15:03)
              
 4 Death Knight 
 2 Death Coil
 2 Unholy Aura
 3 Lich 
 2 Frost Nova
 1 Frost Armor
 1 Crypt Lord 
 1 Impale
 
                » actions 
                
                | Assign group hotkey | 276 |  | 
| Basic commands | 14 |  | 
| Build / train | 59 |  | 
| ESC pressed | 1 |  | 
| Enter build submenu | 13 |  | 
| Enter hero's abilities submenu | 10 |  | 
| Right click | 1345 |  | 
| Select / deselect | 188 |  | 
| Select group hotkey | 795 |  | 
| Use ability | 49 |  | 
                2750 total
 » units 
                
                | Acolyte | 3 |  | 
| Ghoul | 1 |  | 
| Crypt Fiend | 13 |  | 
| Frost Wyrm | 2 |  | 
                19 total
 » upgrades
                
                | Creature Attack | 2 |  | 
| Creature Carapace | 2 |  | 
| Burrow | 1 |  | 
| Web | 1 |  | 
                6 total
 » buildings
                
                | Graveyard | 1 |  | 
| Crypt | 2 |  | 
| Altar of Darkness | 1 |  | 
| Ziggurat | 7 |  | 
| Tomb of Relics | 1 |  | 
| Halls of the Dead | 3 |  | 
| Black Citadel | 2 |  | 
| Sacrificial Pit | 1 |  | 
| Spirit Tower | 5 |  | 
| Boneyard | 2 |  | 
                25 total
 » build order
                00:05 Graveyard
00:09 Crypt
00:29 Altar of Darkness
00:31 Ziggurat
00:51 Crypt
01:08 Ziggurat
01:34 Ziggurat
02:22 Tomb of Relics
03:09 Halls of the Dead
03:59 Ziggurat
05:21 Ziggurat
05:44 Black Citadel
05:48 Sacrificial Pit
06:03 Spirit Tower
06:03 Spirit Tower
06:18 Spirit Tower
06:18 Spirit Tower
06:19 Spirit Tower
07:57 Ziggurat
07:58 Ziggurat
08:51 Boneyard
08:51 Boneyard
» items
                
                | Scroll of Town Portal | 6 |  | 
| Scroll of Healing | 1 |  | 
| Orb of Corruption | 1 |  | 
                8 total
  
               
              
              
» 
DASOCKBANDIT (
red | 149 APM | 2243 actions | 15:04)
              
 5 Tauren Chieftain 
 2 War Stomp
 3 Endurance Aura
 
                » actions 
                
                | Assign group hotkey | 36 |  | 
| Build / train | 55 |  | 
| Enter build submenu | 17 |  | 
| Enter hero's abilities submenu | 5 |  | 
| Remove unit from queue | 1 |  | 
| Right click | 942 |  | 
| Select / deselect | 426 |  | 
| Select group hotkey | 717 |  | 
| Use ability | 44 |  | 
                2243 total
 » units 
                
                | Peon | 9 |  | 
| Troll Headhunter/Berserker | 11 |  | 
| Demolisher | 3 |  | 
| Shaman | 3 |  | 
                26 total
 » upgrades
                
                | Ranged Weapons | 3 |  | 
| Armor | 2 |  | 
| Burning Oil | 1 |  | 
| Reinforced Defenses | 1 |  | 
| Shaman Training | 2 |  | 
| Berserker Upgrade | 1 |  | 
| Troll Regeneration | 1 |  | 
                11 total
 » buildings
                
                | Altar of Storms | 1 |  | 
| Orc Burrow | 7 |  | 
| War Mill | 1 |  | 
| Barracks | 2 |  | 
| Voodoo Lounge | 1 |  | 
| Stronghold | 1 |  | 
| Fortress | 2 |  | 
| Spirit Lodge | 2 |  | 
| Watch Tower | 2 |  | 
                19 total
 » build order
                00:05 Altar of Storms
00:24 Orc Burrow
00:40 War Mill
00:46 Barracks
00:58 Barracks
01:33 Orc Burrow
01:55 Voodoo Lounge
02:00 Orc Burrow
02:43 Stronghold
03:20 Orc Burrow
03:54 Orc Burrow
05:04 Fortress
05:52 Orc Burrow
06:44 Spirit Lodge
08:51 Orc Burrow
08:53 Watch Tower
08:54 Watch Tower
08:57 Spirit Lodge
» items
                
                | Healing Salve | 2 |  | 
| Lesser Clarity Potion | 1 |  | 
| Scroll of Speed | 1 |  | 
| Scroll of Town Portal | 1 |  | 
| Orb of Lightning | 1 |  | 
                6 total
  
               
              
              
» 
INFEKT (
yellow | 54 APM | 806 actions | 15:03)
              
 2 Mountain King 
 1 Storm Bolt
 1 Bash
 
                » actions 
                
                | Assign group hotkey | 47 |  | 
| Basic commands | 6 |  | 
| Build / train | 30 |  | 
| Enter build submenu | 5 |  | 
| Enter hero's abilities submenu | 2 |  | 
| Give item / drop item | 1 |  | 
| Remove unit from queue | 1 |  | 
| Right click | 478 |  | 
| Select / deselect | 163 |  | 
| Select group hotkey | 29 |  | 
| Use ability | 44 |  | 
                806 total
 » units 
                » buildings
                
                | Altar of Kings | 1 |  | 
| Farm | 2 |  | 
| Town Hall | 1 |  | 
                4 total
 » build order
                00:15 Altar of Kings
00:17 Farm
01:33 Farm
12:51 Town Hall
» items
                 
               
              
              
MoScrilla (
green | 36 APM | 537 actions | 15:03)
              
 3 Mountain King 
 2 Storm Bolt
 1 Bash
 
                » actions 
                
                | Assign group hotkey | 19 |  | 
| Basic commands | 12 |  | 
| Build / train | 23 |  | 
| Enter build submenu | 4 |  | 
| Enter hero's abilities submenu | 3 |  | 
| Right click | 324 |  | 
| Select / deselect | 55 |  | 
| Select group hotkey | 66 |  | 
| Use ability | 31 |  | 
                537 total
 » units 
                » buildings
                
                | Altar of Kings | 1 |  | 
| Farm | 1 |  | 
| Lumber Mill | 1 |  | 
                3 total
 » build order
                00:21 Altar of Kings
00:22 Farm
06:14 Lumber Mill
 
                Chat log
          
(01:02 / All) IPRACTICE2SUCK: hi
(01:04 / All) IPRACTICE2SUCK: gl hf
(01:09 / All) DASOCKBANDIT: no u
(01:13 / All) BrokeAssNegro: FUCK MY LIFE
(01:19 / All) Iceberg-Slim: ~*~Fight With Honor And Have Excellent Manner~*~
(01:27 / All) DASOCKBANDIT: dbl ne dbl ud defeats the idea of honor
(01:29 / All) IPRACTICE2SUCK: can we plz have good manner
(01:34 / All) IPRACTICE2SUCK: on acc that u boys love me
(01:34 / All) IPRACTICE2SUCK: ?
(01:49 / All) IPRACTICE2SUCK: mike
(01:51 / All) IPRACTICE2SUCK: its yo boy
(01:56 / All) BrokeAssNegro: we know idiot
(02:00 / All) IPRACTICE2SUCK: no u dont
(02:03 / All) BrokeAssNegro: yes i do
(02:09 / All) IPRACTICE2SUCK: wesder shut up
(02:10 / All) IPRACTICE2SUCK: mike dont
(02:12 / All) BrokeAssNegro: you alwayts quiot and go level 35+ in sol
(02:14 / All) DASOCKBANDIT: yes i do
(02:25 / All) IPRACTICE2SUCK: its hard this season
(02:29 / All) IPRACTICE2SUCK: 90% are orc hackers
(02:37 / All) DASOCKBANDIT: u quit tho how would u know
(02:52 / All) IPRACTICE2SUCK: stop
(03:10 / All) IPRACTICE2SUCK: dont
(03:11 / All) IPRACTICE2SUCK: fuck
(03:16 / All) INFEKT: MANNERS
(04:50 / All) DASOCKBANDIT: cruel u cried on vent like 3 years ago
(05:01 / All) IPRACTICE2SUCK: no suypport
(05:03 / All) IPRACTICE2SUCK: From u guys
(05:11 / All) DASOCKBANDIT: your parents were divocred and it made me laugh
(05:20 / All) IPRACTICE2SUCK: fag.
(12:45 / All) DASOCKBANDIT: this is a little feed i drew up called THE OWNAGE FEED
(12:57 / All) BrokeAssNegro: i wear skinny jeans
(13:05 / All) INFEKT: i wore some skinny jeans
(13:09 / All) INFEKT: to chiropracter
(13:11 / All) INFEKT: VERY BAD IDEA
(13:13 / All) IPRACTICE2SUCK: morelike
(13:15 / All) IPRACTICE2SUCK: the gay feed
(13:19 / All) INFEKT: LOL I GET IT
(13:22 / All) BrokeAssNegro: says the newb
(13:22 / All) BrokeAssNegro: xD
(13:23 / All) DASOCKBANDIT: had to gay the gay kids trying to play gay
(13:24 / All) IPRACTICE2SUCK: ?
(14:38 / All) IPRACTICE2SUCK: lol @ corr
(14:40 / All) IPRACTICE2SUCK: CORR
(14:41 / All) IPRACTICE2SUCK: CORR
(14:44 / All) IPRACTICE2SUCK: CORR'S FAULT
(14:46 / All) BrokeAssNegro: i love corr
(14:50 / All) ATOUCHOFHERLIPS: ^^
(14:55 / All) IPRACTICE2SUCK: gG BOIYS
(15:00 / All) BrokeAssNegro: gg